 Dungeon Crawl Stone Soup version 0.28.0-45-g0d030f2227 (webtiles) character file.

Game seed: 8210188878819991442

45 Icepheonix32 the Skirmisher (level 3, -1/29 HPs)
             Began as a Demonspawn Fighter on Apr 13, 2022.
             Slain by a gnoll
             ... wielding a +0 halberd
              (3 damage)
             ... on level 2 of the Dungeon.
             The game lasted 00:00:56 (854 turns).

Icepheonix32 the Skirmisher (Demonspawn Fighter)     Turns: 854, Time: 00:00:57

Health: -1/29      AC:  8    Str: 18    XL:     3   Next: 42%
Magic:  3/3        EV:  9    Int:  9    God:
Gold:   28         SH:  8    Dex: 12    Spells: 2/2 levels left

rFire   . . .      SeeInvis .   g - +2 whip (venom)
rCold   . . .      Faith    .   c - +0 buckler
rNeg    . . .      Spirit   .   b - +0 scale mail
rPois   .          Reflect  .   (helmet restricted)
rElec   .          Harm     .   (no cloak)
rCorr   .          Rampage  .   e - +0 pair of gloves
Will    .....                   (no boots)
Stlth   ..........              (no amulet)
HPRegen 0.09/turn               (no ring)
MPRegen 0.08/turn               (no ring)

@: mighty
A: horns 1, condensation shield
a: no special abilities


You were on level 2 of the Dungeon.
You visited 1 branch of the dungeon, and saw 2 of its levels.

You collected 28 gold pieces.

Inventory:

Hand Weapons
 a - a +0 long sword
 g - a +2 whip of venom (weapon)
Armour
 b - a +0 scale mail (worn)
 c - a +0 buckler (worn)
 e - a +0 pair of gloves (worn)
 m - a +0 chain mail
Scrolls
 f - a scroll of fog {unknown}
 h - a scroll of vulnerability {unknown}
 j - 2 scrolls of identify {unknown}
 k - a scroll of enchant armour {unknown}
 l - a scroll of immolation {unknown}
Potions
 i - a potion of heal wounds {unknown}
 n - 2 potions of magic {unknown}


   Skills:
 + Level 3.6 Fighting
 - Level 1.8 Long Blades
 + Level 0.6 Maces & Flails
 + Level 3.2 Armour
 + Level 0.4 Dodging
 + Level 0.1 Stealth
 + Level 2.9 Shields


You had 2 spell levels left.
You didn't know any spells.
Your spell library contained the following spells:

 Spells                   Type           Power      Damage    Failure   Level
 Dazzling Flash           Conj/Hex       0%         N/A       99%         3
 Iskenderun's Mystic Bla  Conj/Tloc      0%         2d3       100%        4
 Starburst                Conj/Fire      0%         6d3       100%        6


Dungeon Overview and Level Annotations

Branches:
Dungeon (2/15)

Altars:


Innate Abilities, Weirdness & Mutations

You have a pair of small horns on your head.
A meltable shield of frost defends you. (SH +4)


Message History

You now have 28 gold pieces (gained 15).
You open the door.
There is an open door here. 2 gnolls come into view.
The gnoll shouts! x2; You hear a shout!
There are monsters nearby!
There are monsters nearby!
There are monsters nearby!
A hobgoblin comes into view.
A gnoll comes into view. It is wielding a +0 halberd.
The gnoll shouts!
Found 8 gold pieces.
The gnoll barely misses you. The gnoll hits you with a +0 flail!
You feel very mighty all of a sudden. The gnoll hits you with a +0 flail.
The gnoll hits you with a +0 flail!
* * * LOW HITPOINT WARNING * * *
The hobgoblin hits you but does no damage.
You are too injured to fight recklessly!
You are too injured to fight recklessly!
You are too injured to fight recklessly!
Unknown command.
You whack the gnoll!
The gnoll is poisoned.
You headbutt the gnoll.
The gnoll is almost dead.
You kill the gnoll!
You block the gnoll's attack. The gnoll hits you with a +0 flail.
* * * LOW HITPOINT WARNING * * *
You block the hobgoblin's attack.
You have reached level 3!
Your experience leads to an increase in your attributes!
Increase (S)trength, (I)ntelligence, or (D)exterity?
You feel stronger. x2; Your demonic ancestry asserts itself...
Frost condenses into a shield before you.
You hit the gnoll.
The gnoll is poisoned.
You headbutt the gnoll!
You kill the gnoll!
The gnoll barely misses you.
The hobgoblin hits you but does no damage.
You whack the hobgoblin!
You kill the hobgoblin!
The gnoll hits you with a +0 halberd.
You die...

...............# #..........
...............# #..........
...............# #.........[
...............# #..........
...............# #..........
...............# #..........
..........)....# #..........
.........).....# #..........
..........g@...# #..........
......###+#....# #........<.
......# #....# #..........
..........###'####.....)....
..... ...............[......
$.... ...#####........######
#........# #........#
#........#


You could see a gnoll.

Vanquished Creatures
  2 gnolls (D:2)
  A dart slug (D:1)
  4 ball pythons (D:1)
  2 bats (D:1)
  An endoplasm (D:1)
  3 giant cockroaches (D:1)
  2 goblins
  3 hobgoblins
  3 frilled lizards (D:1)
  A kobold (D:1)
  A rat (D:1)
23 creatures vanquished.

Notes
Turn   | Place    | Note
-------+----------+-------------------------------------------
     0 | D:1      | Icepheonix32 the Demonspawn Fighter began the quest for the
                  | Orb.
     0 | D:1      | Reached XP level 1. HP: 18/18 MP: 1/1
   245 | D:1      | Gained mutation: You have a pair of small horns on your
                  | head. [demonic ancestry]
   245 | D:1      | Reached XP level 2. HP: 21/24 MP: 2/2
   849 | D:2      | HP: 1/24 [gnoll/+0 flail (5)]
   850 | D:2      | Gained mutation: A meltable shield of frost defends you.
                  | (SH +4) [demonic ancestry]
   850 | D:2      | Reached XP level 3. HP: 2/29 MP: 3/3
   854 | D:2      | Slain by a gnoll

Illustrated notes

Levels and vault maps discovered:
D:1:      dpeg_arrival_line_fractal, layout_basic
D:2:      layout_basic, minmay_strange_pillars

Skill      XL: |  1  2 |
---------------+-------+-----
Armour         | 3 |  3.2
Fighting       | |  3.6
Long Blades    | |  1.8
Maces & Flails | |  0.6
Dodging        | |  0.4
Stealth        | |  0.1
Shields        | |  2.9

Action                   || total
-------------------------++-------
Melee: Whip              ||    41
       Long sword        ||     2
       Headbutt          ||     5
  Use: Potion            ||     1
Armor: Scale mail        ||    17
Dodge: Dodged            ||    18
Block: Buckler           ||    11
